 Dungeon Crawl Stone Soup version 0.20-a0-672-gd6c3c51 (webtiles) character file.

4039 George the Cleaver (level 10, -15/88 HPs)
             Began as a Hill Orc Fighter on Feb 17, 2017.
             Was a Follower of Qazlal.
             Demolished by a red ugly thing (19 damage)
             ... on level 7 of the Dungeon.
             The game lasted 00:11:23 (6776 turns).

George the Cleaver (Hill Orc Fighter)               Turns: 6776, Time: 00:11:24

Health: -15/88     AC: 22    Str: 20    XL:     10   Next: 24%
Magic:  13/13      EV:  4    Int:  8    God:    Qazlal [*.....]
Gold:   364        SH: 13    Dex: 13    Spells: 9/9 levels left

rFire    . . .     SeeInvis .   a - +0 war axe
rCold    . . .     Gourm    .   w - +0 plate armour
rNeg     . . .     Faith    .   p - +2 shield
rPois    .         Spirit   .   b - +0 helmet
rElec    .         Reflect  .   x - +2 cloak
rCorr    .         Harm     .   r - +2 pair of gloves
MR       .....                  l - +0 pair of boots
Stlth    ..........             (no amulet)
Regen    0.3/turn               (no ring)
MPRegen  0.2/turn               (no ring)

@: no status effects
A: no striking features
a: Renounce Religion


You were on level 7 of the Dungeon.
You worshipped Qazlal.
Qazlal was aware of your devotion.
You were not hungry.

You visited 2 branches of the dungeon, and saw 8 of its levels.
You also visited: Sewer.

You collected 364 gold pieces.

Inventory:

Hand Weapons
 a - a +0 war axe (weapon)
 d - a +0 flail of protection
 y - a +1 flail of protection
Missiles
 n - a throwing net (quivered)
Armour
 b - a +0 helmet (worn)
 l - a +0 pair of boots (worn)
 p - a +2 shield (worn)
 r - a +2 pair of gloves (worn)
 w - a +0 plate armour (worn)
 x - a +2 cloak (worn)
Wands
 D - a wand of disintegration (9/24)
Scrolls
 h - 4 scrolls of magic mapping
 i - a scroll of enchant weapon {unknown}
 j - 2 scrolls of remove curse {unknown}
 m - 2 scrolls of immolation {unknown}
 o - a scroll of enchant armour {unknown}
 s - a scroll of amnesia {unknown}
 t - a scroll of noise {unknown}
 u - a scroll of fog {unknown}
 E - a scroll of teleportation {unknown}
 F - a scroll of identify
Potions
 c - 2 potions of agility
 e - 2 potions of lignification
 k - 3 potions of heal wounds
 q - 2 potions of haste
 A - a potion of berserk rage
 C - a potion of degeneration {unknown}
Comestibles
 f - 10 bread rations
 g - 9 meat rations
 v - 3 chunks of flesh
 z - 7 royal jellies
 B - a fruit


   Skills:
 + Level 7.7 Fighting
 + Level 14.4 Axes
 + Level 6.8 Armour
 - Level 3.2 Shields
 + Level 5.1 Invocations


You had 9 spell levels left.
You didn't know any spells.

Dungeon Overview and Level Annotations

Branches:
Dungeon (7/15)             Temple (1/1) D:6

Altars:
Ashenzari
Cheibriados
Dithmenos
Fedhas
Gozag
Hepliaklqana
Kikubaaqudgha
Makhleb
Nemelex Xobeh
Okawaru
Qazlal
Ru
Sif Muna
Trog
Uskayaw
Vehumet
Xom
Yredelemnul
Zin
The Shining One


Message History

You hit the red ugly thing but do no damage.
The red ugly thing is severely wounded.
The red ugly thing stings you.
You are engulfed in flames!!
You are too injured to fight recklessly!
You are too injured to fight recklessly!
You see here an arrow.
Evoke which item? (* to show all) (? for menu, Esc to quit)
Aiming: Disintegrate (will waste charges)
Press: ? - help, Shift-Dir - straight line, f - red ugly thing
Aim: a red ugly thing (severely wounded, chance to defeat MR: 48%)
The red ugly thing is blasted.
Evoking this partially-identified wand wasted a few charges.
The red ugly thing stings you!
You are engulfed in flames!!
* * * LOW HITPOINT WARNING * * *
You slash the red ugly thing!
The red ugly thing is almost dead.
The red ugly thing stings you.
* * * LOW HITPOINT WARNING * * *
You are engulfed in flames!!
You die...

..#######.........
#.>...............
.....##.....#####.
.......###.##
........##..####
........#......###
.................#
..........#####.(#
.........## ##@#
......... ##u#
......... #.)#
........ #..##
..... #.## .....
.# ..... ## .....
.....


You could see a red ugly thing.

Vanquished Creatures
  The ghost of George the Cleaver, a novice HOFi of Qazlal (D:6)
  The ghost of XO4YCPATb the Grappler, a novice NaMo (D:5)
  Sigmund (D:3)
  A human (D:7)
  4 hogs (D:7)
  A water moccasin (D:6)
  An orc warrior (D:7)
  A phantom (D:6)
  2 ice beasts (D:7)
  3 ogres (D:6)
  A centaur (D:7)
  A crocodile (Sewer)
  2 bullfrogs (D:6)
  A scorpion (D:5)
  3 wights (D:6)
  3 crimson imps
  A centaur zombie (D:7)
  3 hounds
  Crazy Yiuf (D:5)
  2 orc priests (D:6)
  2 jellies
  A gnoll shaman (D:4)
  An iguana (D:4)
  8 orc wizards
  3 worker ants
  A killer bee zombie (D:7)
  A hound zombie (D:7)
  8 adders
  5 gnolls (D:4)
  A howler monkey skeleton (D:5)
  2 shadow imps (D:5)
  2 adder skeletons
  2 worms
  4 dart slugs
  18 orcs
  2 giant cockroaches
  8 goblins
  6 hobgoblins
  9 jackals
  6 quokkas
  A ball python (D:4)
  7 bats
  6 frilled lizards
  15 kobolds
  A leopard gecko skeleton (D:4)
  7 rats
161 creatures vanquished.

Notes
Turn   | Place    | Note
-------+----------+-------------------------------------------
     0 | D:1      | George the Hill Orc Fighter began the quest for the Orb.
     0 | D:1      | Reached XP level 1. HP: 19/19 MP: 1/1
    29 | D:1      | Reached skill level 3 in Axes
    77 | D:1      | Reached XP level 2. HP: 26/26 MP: 2/2
   204 | D:1      | Reached skill level 4 in Axes
   588 | D:2      | Reached XP level 3. HP: 31/31 MP: 3/3
   901 | D:2      | Reached skill level 5 in Axes
  1124 | D:2      | Reached XP level 4. HP: 36/39 MP: 4/4
  1356 | D:2      | Reached skill level 6 in Axes
  1853 | D:3      | Noticed Sigmund
  1859 | D:3      | Reached XP level 5. HP: 38/45 MP: 5/5
  1868 | D:3      | Reached skill level 7 in Axes
  1878 | D:3      | Killed Sigmund
  1878 | D:3      | Reached skill level 8 in Axes
  1878 | D:3      | Reached XP level 6. HP: 28/51 MP: 6/6
  2270 | D:4      | Reached skill level 9 in Axes
  2298 | D:4      | Found a glowing drain.
  2307 | Sewer    | Entered a sewer
  2416 | Sewer    | Reached XP level 7. HP: 38/57 MP: 7/7
  2611 | D:4      | Reached skill level 10 in Axes
  3206 | D:5      | Entered Level 5 of the Dungeon
  3235 | D:5      | Noticed XO4YCPATb's ghost (novice NaMo)
  3288 | D:5      | Killed XO4YCPATb's ghost
  3288 | D:5      | Reached skill level 12 in Axes
  3288 | D:5      | Reached XP level 8. HP: 54/64 MP: 8/8
  3537 | D:5      | Found a runed door.
  3619 | D:5      | Found a glowing golden altar of the Shining One.
  3621 | D:5      | Found an ancient bone altar of Kikubaaqudgha.
  4089 | D:5      | Noticed Crazy Yiuf
  4094 | D:5      | Killed Crazy Yiuf
  4094 | D:5      | Reached skill level 13 in Axes
  4613 | D:6      | Reached XP level 9. HP: 44/73 MP: 9/9
  4775 | D:6      | Reached skill level 5 in Fighting
  5322 | D:6      | Reached skill level 5 in Armour
  5323 | D:6      | Found a staircase to the Ecumenical Temple.
  5384 | D:6      | Noticed George's ghost (novice HOFi)
  5402 | Temple   | Entered the Ecumenical Temple
  5409 | Temple   | Became a worshipper of Qazlal Stormbringer
  5685 | D:6      | Killed George's ghost
  6235 | D:7      | Reached skill level 14 in Axes
  6277 | D:7      | Found a sacrificial altar of Ru.
  6515 | D:7      | Reached XP level 10. HP: 73/86 MP: 13/13
  6604 | D:7      | Reached skill level 5 in Invocations
  6609 | D:7      | Reached * piety under Qazlal
  6761 | D:7      | Noticed a red ugly thing
  6776 | D:7      | HP: 4/88 [red ugly thing (5)]
  6776 | D:7      | Demolished by a red ugly thing

Vault maps used:
D:1:      dpeg_arrival_tiny_d, st_stairs_12
D:3:      uniq_sigmund
D:4:      portal_sewer_entry_d, first_bread
D:5:      grunt_temple_overflow_open, uniq_crazy_yiuf_cottage
D:6:      minmay_temple_entry_overgrown
D:7:      grunt_livestock, nicolae_ru_awakened_eye
Temple:   nicolae_temple_no_exploring_needed
Sewer:    sewer_the_crocodile

Skill      XL: |  1  2  3  4  5  6  7  8  9 10 |
---------------+-------------------------------+-----
Axes           | 3 4 5 6 8 9 12 13 14 | 14.4
Fighting       | 4 7 |  7.7
Armour         | 4 6 |  6.8
Invocations    | 4 5 |  5.1
Shields        | |  3.2

Action                   |  1- 3 |  4- 6 |  7- 9 | 10-12 || total
-------------------------+-------+-------+-------+-------++-------
Melee: War axe           |   113 |   142 |   373 |    36 ||   664
Evoke: Wand              |       |       |       |     1 ||     1
  Use: Potion            |       |     1 |     1 |       ||     2
       Scroll            |       |     5 |     1 |       ||     6
  Eat: Chunk             |     1 |     4 |     9 |     1 ||    15
       Bread ration      |       |       |     1 |       ||     1
Armor: Scale mail        |    60 |    75 |   103 |       ||   238
       Plate armour      |       |       |    24 |    19 ||    43
Dodge: Dodged            |    37 |    42 |    62 |     5 ||   146
Block: Shield            |    74 |    65 |   164 |    19 ||   322
